 Dungeon Crawl Stone Soup version 0.30-a0-629-gd54f4be4f7 (webtiles) character file.

Game seed: 8750330455898503520

457 pyrow613 the Trooper (level 7, 57/57 HPs)
             Began as a Human Berserker on Jan 11, 2023.
             Was an Elder of Trog.
             Got out of the dungeon alive.
             The game lasted 00:09:39 (4087 turns).

pyrow613 the Trooper (Human Berserker)              Turns: 4087, Time: 00:09:39

Health: 57/57      AC: 10    Str: 17    XL:     7   Next: 27%
Magic:  7/7        EV:  7    Int:  9    God:    Trog [****..]
Gold:   249        SH:  0    Dex: 13    Spells: 6/6 levels left

rFire   . . .      SeeInvis .    a - +1 spear (venom)
rCold   . . .      Faith    .    (no shield)
rNeg    . . .      Spirit   +    d - +0 chain mail
rPois   +          Reflect  .    (no helmet)
rElec   .          Harm     .    (no cloak)
rCorr   .          Rampage  .    t - +0 pair of gloves
Will    +....                    j - +0 pair of boots Stlth
                                 n - amulet of guardian spirit
HPRegen 0.29/turn                h - ring of willpower
MPRegen 0.10/turn                i - ring of poison resistance

@: no status effects
A: no striking features
a: Renounce Religion, Berserk, Trog's Hand, Brothers in Arms


You escaped.
You worshipped Trog.
Trog was greatly pleased with you.
You visited 1 branch of the dungeon, and saw 5 of its levels.
You also visited: Ossuary.

You collected 249 gold pieces.

Inventory:

Hand Weapons
 a - a +1 spear of venom (weapon)
Armour
 d - a +0 chain mail (worn)
 j - a +0 pair of boots (worn)
 t - a +0 pair of gloves (worn)
Jewellery
 c - a ring of resist corrosion
 h - a ring of willpower (left hand)
 i - a ring of poison resistance (right hand)
 m - a ring of positive energy
 n - an amulet of guardian spirit (around neck)
Wands
 q - a wand of mindburst (4)
 y - a wand of polymorph (9)
Scrolls
 e - 2 scrolls of enchant weapon
 k - 2 scrolls of vulnerability
 s - 3 scrolls of teleportation
 u - a scroll of fog
Potions
 b - a potion of cancellation
 g - 2 potions of heal wounds
 l - 2 potions of flight
 o - 2 potions of haste
 p - 2 potions of mutation
 r - 2 potions of curing {unknown}
 v - a potion of resistance {unknown}
 w - a potion of degeneration {unknown}
 z - 2 potions of might


   Skills:
 + Level 5.7 Fighting
 + Level 5.7 Polearms
 - Level 2.1 Armour
 - Level 2.1 Dodging


You had 6 spell levels left.
You didn't know any spells.
Your spell library was empty.

Dungeon Overview and Level Annotations

Branches:
Dungeon (5/15)            Ossuary (visited)
 Temple: D:4-7

Altars:
Nemelex Xobeh
Vehumet

Shops:
D:5 :


Message History

Things that are here:
a +0 short sword; a +0 short sword; an orc corpse
Things that are here:
a +0 short sword; a +0 short sword; an orc corpse You see here a +0 club.
Found a stone staircase leading up.
You now have 249 gold pieces (gained 18).
Found a stone staircase leading up.
A necrophage comes into view.
Saving game... please wait.
Welcome back, pyrow613 the Human Berserker.
Trog says: Kill them all!
Press ? for a list of commands and other information.
Found a scroll of identify.
Found Jaxkeech's Book Boutique.
Found 12 gold pieces.
There is a stone staircase leading up here.
You climb upwards.
There is a stone staircase leading down here.
You see here a +0 quarterstaff.
Items here: ) [ ÷÷.
Things that are here:
a +0 leather armour; a +0 club
Items here: ) [ ÷÷.
There is a stone staircase leading up here.
You climb upwards.
There is a stone staircase leading down here.
There is an open door here.
There is an escape hatch in the ceiling here.
A mysterious force pulls you upwards. The hatch slams shut behind you.
There is a stone staircase leading up here.
You climb upwards.
There is a stone staircase leading down here.
Press: ? - help, v - describe, . - travel A stone staircase leading down.
You see here a +0 short sword.
There is an open door here.
There is a staircase leading out of the dungeon here.
Are you sure you want to leave the Dungeon?
This will make you lose the game!
You have escaped!

.####.#####.# #.# #. .##
#.# #.# #.# #. #.###.# #.#
#.# #. ##.##.# #.# #.####.
#.....# #.# #####.##...
..##### #.#
########.......... #.# #.#
##≈≈≈≈≈##'#>#.##.#. #.#
#.###........8###....## #.#
#.##..@.........+[...# #.#
#.###........8####...# #.#
#.####≈≈≈≈≈##+# #...# ..#
#....#######..# #...# #.#
###.#.#.## #.#####.^.# #.#
###...###.###.........# #.#
#....## ##.#####.####.#
#.########.#...###.##.###.#
#.#
#......................##)#
#.#


There were no monsters in sight!

Vanquished Creatures
  A water moccasin (D:3)
  A scorpion (D:4)
  2 orc priests
  A mummy (Ossuary)
  8 adders
  7 worms
  10 orcs
  4 spectral bats (Ossuary)
  4 bats
  7 endoplasms
  3 giant cockroaches
  2 hobgoblins
  9 jackals
  2 quokkas
  5 ball pythons
  5 bat simulacra (Ossuary)
  A frilled lizard (D:1)
  12 gnoll zombies (Ossuary)
  3 goblins
  3 goblin simulacra (Ossuary)
  5 goblin zombies (Ossuary)
  7 hobgoblin zombies (Ossuary)
  2 kobolds
  5 kobold simulacra (Ossuary)
  2 kobold zombies (Ossuary)
  4 orc zombies (Ossuary)
  6 rats
  2 rat simulacra (Ossuary)
  5 spectral goblins (Ossuary)
  2 spectral kobolds (Ossuary)
  2 spectral rats (Ossuary)
132 creatures vanquished.

Vanquished Creatures (others)
  2 plants (D:3)
2 creatures vanquished.

Grand Total: 134 creatures vanquished

Notes
Turn   | Place    | Note
-------+----------+-------------------------------------------
     0 | D:1      | pyrow613 the Human Berserker began the quest for the Orb.
     0 | D:1      | Reached XP level 1. HP: 18/18 MP: 1/1
   133 | D:1      | Reached XP level 2. HP: 20/24 MP: 2/2
   723 | D:2      | Found a sparkling altar of Nemelex Xobeh.
   725 | D:2      | Reached XP level 3. HP: 29/29 MP: 3/3
  1073 | D:2      | Reached XP level 4. HP: 31/37 MP: 4/4
  1237 | D:2      | Reached ** piety under Trog
  2128 | D:3      | Noticed a water moccasin
  2130 | D:3      | Killed a water moccasin
  2131 | D:3      | Reached XP level 5. HP: 43/43 MP: 5/5
  2131 | D:3      | Reached XP level 6. HP: 49/49 MP: 6/6
  2295 | D:3      | Reached skill level 5 in Fighting
  2473 | D:3      | Found a radiant altar of Vehumet.
  2696 | D:4      | Reached skill level 5 in Polearms
  2895 | D:4      | Found a sand-covered staircase.
  2915 | Ossuary  | Entered an ossuary
  2995 | Ossuary  | Reached *** piety under Trog
  3354 | Ossuary  | Reached **** piety under Trog
  3551 | D:4      | Reached XP level 7. HP: 47/56 MP: 7/7
  3784 | D:5      | Entered Level 5 of the Dungeon
  3924 | D:5      | Upgraded the game from 0.30-a0-626-gd6a5dd7a1f to
                  | 0.30-a0-629-gd54f4be4f7
  3929 | D:5      | Found Jaxkeech's Book Boutique.
  4087 | D:$      | Got out of the dungeon alive.

Illustrated notes

Levels and vault maps discovered:
D:1:      wander_arrival_chamber, layout_loops_ring
D:2:      layout_basic, basic_altar
D:3:      layout_basic, mainiacjoe_overflow_boulevard,
          nicolae_concentric_dashed_squares_wild, nicolae_half_adder
D:4:      layout_basic, nicolae_ossuary_entry_false_entrances
D:5:      layout_layer_cave, nicolae_overflow_crystal_walls,
          gammafunk_temple_overflow_elements, serial_shops, shop, shop,
          nicolae_hexahallways, nicolae_shop_unique_rings

Skill      XL: |  1  2  3  4  5  6 |
---------------+-------------------+-----
Fighting       | 4 5 |  5.7
Polearms       | 4 5 |  5.7
Armour         | |  2.1
Dodging        | |  2.1

Action                   |  1- 3 |  4- 6 |  7- 9 || total
-------------------------+-------+-------+-------++-------
Melee: Spear             |   108 |   332 |    17 ||   457
       Punch             |     1 |     4 |     1 ||     6
Invok: Berserk           |     1 |       |       ||     1
       Trog's Hand       |       |     1 |       ||     1
Evoke: Wand              |     1 |     2 |       ||     3
  Use: Scroll            |       |     7 |     6 ||    13
Armor: Ring mail         |    32 |    15 |       ||    47
       Chain mail        |       |   117 |     7 ||   124
Dodge: Dodged            |    56 |    83 |     1 ||   140

Table legend: (Time is in decaauts)
 A = Elapsed time spent in this place.
 B = Non-inter-level travel time spent in this place.
 C = Inter-level travel time spent in this place.
 D = Time resting spent in this place.
 E = Time spent auto-exploring this place.
 F = Levels seen in this place.
 G = Mean time per level.
                   A        B        C        D        E       F      G
               +--------+--------+--------+--------+--------+-----+--------+
         Total |   4038 |   3767 |    271 |    179 |   2719 |   6 |  673.0 |
       Dungeon |   3528 |   3257 |    271 |    179 |   2440 |   5 |  705.6 |
       Ossuary |    509 |    509 |      0 |      0 |    279 |   1 |  509.0 |
               +--------+--------+--------+--------+--------+-----+--------+

Top non-repeatable levels by time:
     D:2: 1140 daAuts
     D:3: 873 daAuts
     D:1: 762 daAuts
     D:4: 608 daAuts
 Ossuary: 509 daAuts
     D:5: 144 daAuts
